 Dungeon Crawl Stone Soup version 0.23.0 (webtiles) character file.

Game seed: 8809952174521797556

261 Infinimo the Insei (level 6, 0/29 HPs)
             Began as a Vine Stalker Transmuter on Feb 16, 2019.
             Slain by a phantom (5 damage)
             ... on level 4 of the Dungeon.
             The game lasted 00:02:55 (3040 turns).

Infinimo the Insei (Vine Stalker Transmuter)        Turns: 3040, Time: 00:02:55

Health: 0/29       AC:  2    Str: 14    XL:     6   Next: 18%
Magic:  0/10       EV: 19    Int: 13    God:
Gold:   163        SH:  0    Dex: 20    Spells: 5/9 levels left

rFire    . . .     SeeInvis .     - Unarmed
rCold    . . .     Gourm    .   (shield currently unavailable)
rNeg     . . .     Faith    .   (armour currently unavailable)
rPois    x         Spirit   +   (helmet currently unavailable)
rElec    .         Reflect  .   (cloak currently unavailable)
rCorr    .         Harm     .   (gloves currently unavailable)
MR       .....                  (boots currently unavailable)
Stlth    ++........             (no amulet)
HPRegen  0.49/turn              (no ring)
MPRegen  0.12/turn              (no ring)

@: spider-form (expiring)
A: tiny, regeneration 1, magic shield, no potion heal 3, rot immunity
a: End Transformation


You were on level 4 of the Dungeon.
You were not hungry.
You were a venomous arachnid creature.
You visited 1 branch of the dungeon, and saw 4 of its levels.

You collected 163 gold pieces.

Inventory:

Missiles
 a - 12 arrows
Armour
 b - a +0 robe (melded)
Jewellery
 g - an uncursed ring of magical power {unknown}
Wands
 q - a wand of iceblast (4)
Scrolls
 c - 3 scrolls of amnesia {unknown}
 e - 3 scrolls of teleportation {unknown}
 f - 2 scrolls of remove curse {unknown}
 l - a scroll of noise {unknown}
 m - a scroll of random uselessness {unknown}
 o - a scroll of identify {unknown}
Potions
 h - a potion of brilliance {unknown}
 i - a potion of might {unknown}
 j - a potion of heal wounds {unknown}
 n - a potion of curing {unknown}
 p - 2 potions of flight {unknown}
Comestibles
 d - 8 rations
 k - 3 chunks of flesh


   Skills:
 - Level 0.8 Fighting
 - Level 1.5 Dodging
 * Level 5.7 Unarmed Combat
 - Level 2.1 Spellcasting
 + Level 3.9 Transmutations


You had 5 spell levels left.
You knew the following spells:

 Your Spells              Type           Power        Failure   Level  Hunger
a - Beastly Appendage     Tmut           ##....       14%         1    ##.....
b - Spider Form           Tmut/Pois      #.........   54%         3    ####...

Your spell library contained the following spells:

 Spells                   Type           Power        Failure   Level  Hunger
 Sticks to Snakes         Tmut           ##......     21%         2    ###....
 Ice Form                 Ice/Tmut       #.......     88%         4    #####..
 Blade Hands              Tmut           ##........   92%         5    ######.


Dungeon Overview and Level Annotations

Branches:
Dungeon (4/15)
 Temple: D:4-7

Altars:
Elyvilon


Innate Abilities, Weirdness & Mutations

((You have extremely sharp teeth.))
Your natural rate of healing is unusually fast.
When hurt, damage is shared between your health and your magic reserves.
((Your bite disrupts and absorbs the magic of your enemies.))
Potions cannot restore your health.
You are immune to rotting.


Message History

You see here an adder corpse.
Casting: Spider Form (safe; 32% risk of failure)
Confirm with . or Enter, or press ? or * to list all spells.
You turn into a venomous arachnid creature.
Your +0 robe melds into your body.
The phantom hits you.
You bite the phantom! You bite the phantom!
The phantom is almost destroyed.
Your transformation is almost over.
The phantom hits you.
* * * LOW HITPOINT WARNING * * *
The phantom is almost destroyed.
You bite the phantom!
The phantom is almost destroyed.
The phantom hits you.
* * * LOW HITPOINT WARNING * * *
The phantom is almost destroyed.
The phantom hits you!
You die...

.....÷.....##... ..
..###########..# ...
..........§....# ...
.####.#.#####..###.# .#
#.#.# ##...... .#
#.#.####...#.###..
.####.#..........la..[
#.....##.###...######.#
.###..##.# ##..Ws.!...#
.###..##.# #.#########
.........# ...#
####..#####.### #..# #.
...# # ##.## #.# #.


You could see a phantom.

Vanquished Creatures
  An iguana (D:4)
  2 worker ants (D:4)
  9 adders
  3 oozes
  2 dart slugs
  6 leopard geckos
  7 giant cockroaches
  9 goblins
  4 hobgoblins
  11 jackals
  6 kobolds
  2 quokkas (D:2)
  9 bats
  7 frilled lizards (D:1)
  12 rats
90 creatures vanquished.

Notes
Turn   | Place    | Note
-------+----------+-------------------------------------------
     0 | D:1      | Infinimo the Vine Stalker Transmuter began the quest for
                  | the Orb.
     0 | D:1      | Reached XP level 1. HP: 9/9 MP: 4/4
   140 | D:1      | Reached XP level 2. HP: 12/14 MP: 4/6
   470 | D:1      | Reached XP level 3. HP: 17/17 MP: 5/7
   513 | D:1      | Learned a level 3 spell: Spider Form
   892 | D:1      | Reached skill level 4 in Unarmed Combat
  1322 | D:2      | Gained mutation: Your natural rate of healing is unusually
                  | fast. [Vine Stalker growth]
  1322 | D:2      | Reached XP level 4. HP: 15/21 MP: 8/8
  1705 | D:2      | Reached XP level 5. HP: 10/25 MP: 1/9
  1933 | D:2      | Reached skill level 5 in Unarmed Combat
  2334 | D:3      | Found a white marble altar of Elyvilon.
  2931 | D:4      | Reached XP level 6. HP: 29/29 MP: 6/10
  3004 | D:4      | Noticed a phantom
  3040 | D:4      | Slain by a phantom

Skill      XL: |  1  2  3  4  5 |
---------------+----------------+-----
Unarmed Combat | 4 5 |  5.7
Transmutations | 3 |  3.9
Fighting       | |  0.8
Dodging        | |  1.5
Spellcasting   | |  2.1

Action                   |  1- 3 |  4- 6 || total
-------------------------+-------+-------++-------
Melee: Unarmed           |   117 |   166 ||   283
       Bite              |    15 |    20 ||    35
       Punch             |       |     1 ||     1
 Cast: Spider Form       |     1 |     5 ||     6
 Stab: Sleeping          |     1 |     2 ||     3
       Distracted        |     1 |       ||     1
  Eat: Chunk             |     1 |     7 ||     8
Armor: Robe              |    17 |    12 ||    29
       Skin              |       |     1 ||     1
Dodge: Dodged            |    68 |   101 ||   169
